 Dungeon Crawl Stone Soup version 0.18.1-50-g88ac8fd (webtiles) character file.

12067 go0n the Carver (level 12, -10/102 HPs)
             Began as a Formicid Fighter on Sept 29, 2016.
             Was a Follower of Ru.
             Shot with an arrow by a centaur warrior (15 damage)
             ... on level 11 of the Dungeon.
             The game lasted 00:36:54 (12051 turns).

go0n the Carver (Formicid Fighter)                 Turns: 12051, Time: 00:36:55

Health: -10/102    AC: 22    Str: 21    XL:     12   Next: 15%
Magic:  12/12      EV:  4    Int: 13    God:    Ru [*.....]
Gold:   845        SH:  9    Dex:  9    Spells: 0 memorised, 11 levels left

rFire  . . .     SeeInvis +     a - +4 long sword
rCold  . . .     Gourm    .     p - +1 plate armour
rNeg   . . .     Faith    .     c - +0 shield
rPois  +         Spirit   .     (helmet unavailable)
rElec  .         Dismiss  .     g - +0 cloak {rPois}
rCorr  .         Reflect  .     v - +0 pair of gloves
SustAt .         Harm     .     J - +2 pair of boots
MR     ++...                    m - amulet of regeneration
Stlth  ..........               x - ring of poison resistance
                                u - ring of protection from magic

@: no scrolls, very resistant to hostile enchantments, extremely unstealthy
A: permanent stasis, dig shafts and tunnels, four strong arms, antennae 3,
molten scales 1, rough black scales 1, blurry vision 2, clever 2, weak 2,
evolution 1, inability to read while threatened, disrupted magic 1
a: Dig, Shaft Self, Renounce Religion


You were on level 11 of the Dungeon.
You worshipped Ru.
Ru was aware of your devotion.
You were full.

You visited 1 branch of the dungeon, and saw 11 of its levels.

You collected 845 gold pieces.

Inventory:

Hand Weapons
 a - a +4 long sword (weapon)
Armour
 c - a +0 shield (worn)
 g - a +0 cloak of poison resistance (worn)
 p - a +1 plate armour (worn)
 v - a +0 pair of gloves (worn)
 J - a +2 pair of boots (worn)
Jewellery
 m - an amulet of regeneration (around neck)
 r - an uncursed ring of flight
 u - a ring of protection from magic (left hand)
 x - a ring of poison resistance (right hand)
 y - an uncursed amulet of dismissal
 A - an uncursed ring of wizardry
 H - an uncursed ring of ice
Wands
 b - a wand of polymorph (13/24)
 e - a wand of disintegration (19/24)
 t - a wand of flame (9/48)
 w - a wand of flame (0/48)
 z - a wand of flame (12/48)
 F - a wand of lightning (0/15)
 L - a wand of flame (18/48)
 M - a wand of paralysis (1/24)
Scrolls
 j - 11 scrolls of identify
 I - 3 scrolls of remove curse
Potions
 d - a potion of ambrosia
 l - 4 potions of curing
 E - a potion of haste
Miscellaneous
 i - a stone of tremors (inert)
Comestibles
 f - 3 bread rations
 h - 7 meat rations
 n - a slice of pizza
 o - 11 beef jerkies
 Q - 4 fruits
 U - a royal jelly


   Skills:
 + Level 12.1 Fighting
 * Level 14.2 Long Blades
   Level 3.4 Polearms
 - Level 3.2 Armour
 - Level 3.6 Shields


You had 11 spell levels left.
You didn't know any spells.

Dungeon Overview and Level Annotations

Branches:
Dungeon (11/15)            Temple (0/1) D:6             Orc (0/2) D:11
   Lair: D:8-11

Altars:
Ashenzari
Ru
Zin

Shops:
D:4 (


Innate Abilities, Weirdness & Mutations

You are under a permanent stasis effect.
You can dig through walls and to a lower floor.
Your four strong arms can wield two-handed weapons with a shield.
You have a pair of large antennae on your head (SInv).
You cannot read scrolls while threatened.
Your casting is slightly disrupted.
You are partially covered in molten scales (AC +1).
You are partially covered in rough black scales (AC +4, Dex -1).
Scrolls take you longer to read.
Your mind is very acute. (Int +4)
You are very weak. (Str -4)
You evolve.


Message History

You hit the centaur warrior but do no damage.
The centaur warrior is severely wounded.
The centaur warrior hits you but does no damage.
The gargoyle barely misses you.
You slash the centaur warrior!
The centaur warrior is almost dead.
The centaur warrior hits you but does no damage. x2
Your plate armour prevents you from hitting the centaur warrior.
The centaur warrior is almost dead.
The gargoyle hits you but does no damage.
The centaur warrior hits you but does no damage.
The centaur warrior wields an uncursed shortbow of velocity.
The centaur warrior shoots an arrow.
The arrow hits you.
* * * LOW HITPOINT WARNING * * *
x2 The gargoyle hits you with a morningstar!
* * * LOW HITPOINT WARNING * * *
Items here: ( ) ††† 2 arrows; a giant club; a manticore corpse; an adder corpse; an ogre corpse The centaur warrior shoots an arrow.
The arrow hits you!
You die...

#. #.. ##. #.. ...####.. ..#.
......... ....# ....##...###...#
......#.#c..#.# ......#9....#
#..#.#(..#.#..
###..@###...#.#...
#...)).†.....#....
#####.####..#.#..# #.# #.#...#.#
#.# #.#...#.# #.# #.#...#.#
####.####..#.#..# #####
##...........#...#####
#...#######..#..###...#.#)......


You could see a centaur warrior.

Vanquished Creatures
  Harold (D:10)
  A centaur warrior (D:8)
  Erolcha (D:9)
  An unseen horror (D:11)
  A manticore (D:11)
  Maurice (D:11)
  A kobold demonologist (D:11)
  A two-headed ogre (D:11)
  The ghost of spiff the Slasher, an amateur HaWr (D:4)
  A blink frog (D:11)
  2 wyverns
  A yak (D:8)
  A basilisk (D:8)
  3 hungry ghosts
  2 hippogriffs
  4 vampire mosquitoes (D:9)
  A water moccasin (D:8)
  A black bear (D:4)
  2 ice beasts (D:10)
  2 sky beasts
  5 orc warriors
  A wasp (D:7)
  A necrophage (D:7)
  11 ogres
  A phantom (D:7)
  11 centaurs
  5 giant frogs
  3 big kobolds
  2 wyvern zombies
  A gnoll sergeant (D:9)
  2 scorpions
  A water moccasin skeleton (D:11)
  4 killer bees (D:10)
  2 wights (D:8)
  2 howler monkeys
  6 crimson imps
  2 centaur zombies
  2 quasits
  An iron imp (D:9)
  6 jellies
  7 orc priests
  2 hounds
  A centaur skeleton (D:8)
  A gnoll shaman (D:10)
  5 iguanas
  5 orc wizards
  10 worker ants
  2 hound skeletons (D:8)
  A howler monkey zombie (D:9)
  24 gnolls
  13 adders
  4 shadow imps
  An ooze (D:1)
  2 adder zombies (D:8)
  An adder skeleton (D:5)
  2 worms
  3 dart slugs
  4 giant geckos
  40 orcs
  4 giant cockroaches
  7 hobgoblins
  10 jackals
  4 quokkas
  6 bats
  3 giant newts
  9 goblins
  15 kobolds
  A quokka skeleton (D:8)
  8 rats
  3 plants (D:10)
296 creatures vanquished.

Vanquished Creatures (collateral kills)
  2 ogres (D:10)
  A gnoll shaman (D:10)
3 creatures vanquished.

Vanquished Creatures (others)
  A hydra (D:11)
  An adder (D:10)
  2 orcs (D:10)
  A fungus (D:10)
  A plant (D:10)
6 creatures vanquished.

Grand Total: 305 creatures vanquished

Notes
Turn   | Place    | Note
--------------------------------------------------------------
     0 | D:1      | go0n the Formicid Fighter began the quest for the Orb.
     0 | D:1      | Reached XP level 1. HP: 18/18 MP: 1/1
   248 | D:1      | Reached XP level 2. HP: 24/24 MP: 2/2
   478 | D:1      | Reached XP level 3. HP: 30/30 MP: 3/3
  1032 | D:2      | Reached skill level 3 in Long Blades
  1462 | D:2      | Reached XP level 4. HP: 37/37 MP: 4/4
  1884 | D:3      | Reached skill level 4 in Long Blades
  1884 | D:3      | Reached XP level 5. HP: 43/43 MP: 5/5
  2468 | D:3      | Reached skill level 5 in Long Blades
  2468 | D:3      | Reached XP level 6. HP: 29/50 MP: 6/6
  2558 | D:3      | Reached skill level 5 in Fighting
  2997 | D:4      | Reached XP level 7. HP: 53/56 MP: 7/7
  3019 | D:4      | Noticed spiff's ghost (amateur HaWr)
  3057 | D:4      | Killed spiff's ghost
  3057 | D:4      | Reached skill level 6 in Long Blades
  3303 | D:4      | Found Voshak's Weapon Boutique.
  3614 | D:4      | Reached skill level 7 in Long Blades
  3614 | D:4      | Reached XP level 8. HP: 63/64 MP: 8/8
  3680 | D:5      | Entered Level 5 of the Dungeon
  4231 | D:5      | Got a translucent spear
  4232 | D:5      | Identified the cursed +1 spear "Tormentor" {freeze, rElec rPois Str+4 Dex+4} (You found it on level 5 of the Dungeon)
  4481 | D:6      | Reached skill level 1 in Polearms
  4666 | D:6      | Found a sacrificial altar of Ru.
  4685 | D:6      | Became a worshipper of Ru the Awakened
  4988 | D:6      | Found a staircase to the Ecumenical Temple.
  5608 | D:7      | Reached XP level 9. HP: 55/72 MP: 9/9
  5708 | D:7      | Reached skill level 8 in Long Blades
  5965 | D:7      | Found a sacrificial altar of Ru.
  5975 | D:7      | Found a shattered altar of Ashenzari.
  5975 | D:7      | Found a glowing silver altar of Zin.
  6104 | D:7      | Reached skill level 9 in Long Blades
  7022 | D:8      | Gained mutation: Scrolls take you a little longer to read. [mutagenic meat]
  7023 | D:8      | Gained mutation: Your mind is acute. (Int +2) [mutagenic meat]
  7024 | D:8      | Gained mutation: You are partially covered in rough black scales (AC +4, Dex -1). [mutagenic meat]
  7025 | D:8      | Gained mutation: Scrolls take you longer to read. [mutagenic meat]
  7026 | D:8      | Gained mutation: You are partially covered in molten scales (AC +1). [mutagenic meat]
  7027 | D:8      | Gained mutation: You are weak. (Str -2) [mutagenic meat]
  7296 | D:8      | Noticed a hill giant
  7310 | D:8      | Reached skill level 10 in Long Blades
  7310 | D:8      | Reached XP level 10. HP: 36/83 MP: 10/10
  7558 | D:8      | Noticed a centaur warrior
  7577 | D:8      | Killed a centaur warrior
  7587 | D:8      | Reached skill level 11 in Long Blades
  8266 | D:8      | Reached skill level 10 in Fighting
  9388 | D:9      | Gained mutation: Your mind is very acute. (Int +4) [mutagenic meat]
  9390 | D:9      | Gained mutation: You are very weak. (Str -4) [mutagenic meat]
  9392 | D:9      | Gained mutation: You evolve. [mutagenic meat]
  9443 | D:9      | Noticed Erolcha
  9455 | D:9      | Killed Erolcha
  9455 | D:9      | Reached skill level 12 in Long Blades
  9455 | D:9      | Reached XP level 11. HP: 69/92 MP: 11/11
  9668 | D:9      | Gained mutation: You cannot read scrolls while threatened. [Ru sacrifice]
  9668 | D:9      | Reached * piety under Ru
  9752 | D:10     | Entered Level 10 of the Dungeon
 10017 | D:10     | Reached skill level 13 in Long Blades
 10320 | D:10     | Noticed Harold
 10320 | D:10     | Noticed an unseen horror
 10356 | D:11     | Killed an unseen horror
 10704 | D:10     | Killed Harold
 11363 | D:11     | Found a staircase to the Orcish Mines.
 11573 | D:11     | Noticed a four-headed hydra
 11585 | D:11     | Killed a ten-headed hydra
 11803 | D:11     | Reached XP level 12. HP: 102/102 MP: 12/12
 11855 | D:11     | Noticed Maurice
 11879 | D:11     | Killed Maurice
 11879 | D:11     | Reached skill level 14 in Long Blades
 12015 | D:11     | Gained mutation: Your casting is slightly disrupted. [Ru sacrifice]
 12017 | D:11     | Noticed a centaur warrior
 12050 | D:11     | HP: 5/102 [gargoyle/morningstar (11)]
 12051 | D:11     | Shot with an arrow by a centaur warrior

Skill      XL: |  1  2  3  4  5  6  7  8  9 10 11 12 |
---------------+-------------------------------------+-----
Long Blades    | 3 4 5 7 10 12 13 14 | 14.2
Fighting       | 4 5 6 7 9 10 11 12 | 12.1
Polearms       | 3 |  3.4
Armour         | |  3.2
Shields        | |  3.6

Action                   |  1- 3 |  4- 6 |  7- 9 | 10-12 || total
-------------------------+-------+-------+-------+-------++-------
Melee: Long sword        |   114 |   209 |   445 |   693 ||  1461
       Spear             |       |       |    57 |       ||    57
       Falchion          |       |       |       |    20 ||    20
Invok: Sacrifice Words   |       |       |       |     1 ||     1
       Sacrifice Essence |       |       |       |     1 ||     1
 Abil: Dig               |       |       |       |     1 ||     1
Evoke: Wand              |       |       |       |    26 ||    26
       Stone of tremors  |       |       |       |     1 ||     1
  Use: Potion            |       |     5 |     1 |    11 ||    17
       Scroll            |       |     3 |     3 |     8 ||    14
 Stab: Invisible         |       |       |       |     2 ||     2
       Distracted        |       |       |       |     1 ||     1
  Eat: Chunk             |       |     7 |    16 |     9 ||    32
       Bread ration      |       |       |     2 |     7 ||     9
Armor: Scale mail        |    76 |    47 |       |       ||   123
       Plate armour      |       |    50 |   295 |   488 ||   833
Dodge: Dodged            |    53 |    42 |    71 |   113 ||   279
Block: Shield            |    78 |   110 |   225 |   342 ||   755
